 Dungeon Crawl Stone Soup version 0.30-a0-368-g86fb4627a9 (webtiles) character file.

Game seed: 4478081119537225185

1225 greasedhog the Fighter (level 8, -9/89 HPs)
             Began as an Ogre Fighter on Nov 19, 2022.
             Mangled by a wight
             ... wielding a +5 morningstar
              (17 damage)
             ... on level 7 of the Dungeon.
             The game lasted 00:09:30 (6466 turns).

greasedhog the Fighter (Ogre Fighter)               Turns: 6466, Time: 00:09:31

Health: -9/89      AC:  4    Str: 23    XL:     8   Next: 47%
Magic:  8/8        EV: 12    Int:  9    God:
Gold:   193        SH:  0    Dex: 14    Spells: 7/7 levels left

rFire   . . .      SeeInvis .    q - +2 mace (freeze)
rCold   . . .      Faith    .    (no shield)
rNeg    . . .      Spirit   .    b - +0 robe
rPois   .          Reflect  .    (helmet restricted)
rElec   .          Harm     .    a - +0 cloak
rCorr   .          Rampage  .    (gloves unavailable)
Will    .....                    (boots unavailable)
Stlth   +.........               (no amulet)
HPRegen 0.34/turn                o - +6 ring of dexterity
MPRegen 0.11/turn                (no ring)

@: no status effects
A: large, unfitting armour, tough skin 1
a: no special abilities


You were on level 7 of the Dungeon.
You visited 1 branch of the dungeon, and saw 7 of its levels.

You collected 193 gold pieces.

Inventory:

Hand Weapons
 f - a +0 antimagic whip
 q - a +2 mace of freezing (weapon)
Armour
 a - a +0 cloak (worn)
 b - a +0 robe (worn)
Jewellery
 o - a +6 ring of dexterity (left hand)
Scrolls
 g - 6 scrolls of teleportation
 h - a scroll of butterflies {unknown}
 m - a scroll of enchant weapon {unknown}
 n - a scroll of amnesia {unknown}
 p - a scroll of blinking
 r - a scroll of magic mapping
Potions
 d - a potion of haste {unknown}
 e - a potion of degeneration {unknown}
 i - 2 potions of ambrosia
 j - a potion of berserk rage {unknown}
 k - 2 potions of heal wounds
 l - a potion of brilliance {unknown}


   Skills:
 * Level 8.5 Fighting
 * Level 5.4 Maces & Flails
 * Level 5.8 Dodging
 - Level 3.0 Shields


You had 7 spell levels left.
You didn't know any spells.
Your spell library contained the following spells:

 Spells                   Type           Power      Damage    Failure   Level
 Shock                    Conj/Air       0%         1d3       38%         1
 Cigotuvi's Dreadful Rot  Necr/Pois/Air  0%         N/A       52%         2
 Hailstorm                Conj/Ice       0%         3d3       77%         3
 Swiftness                Air            0%         N/A       77%         3
 Airstrike                Air            0%         2d(0-16)  99%         4
 Dispel Undead            Necr           0%         3d6       99%         4
 Ice Form                 Ice/Tmut       0%         N/A       99%         4
 Death Channel            Necr           0%         N/A       100%        6
 Simulacrum               Ice/Necr       0%         N/A       100%        6


Dungeon Overview and Level Annotations

Branches:
Dungeon (7/15)             Temple (0/1) D:7

Altars:
Elyvilon
Zin

Shops:
D:7 =


Innate Abilities, Weirdness & Mutations

You are too large for most types of armour.
You have tough skin. (AC +1)


Message History

* * * LOW HITPOINT WARNING * * *
The hound bites you.
* * * LOW HITPOINT WARNING * * *
You barely miss the hound. The hound misses you. The hound bites you.
* * * LOW HITPOINT WARNING * * *
You hit the hound. You freeze the hound.
The hound is moderately wounded.
The hound barely misses you. The hound bites you but does no damage.
You sock the hound! You freeze the hound.
You kill the hound!
The orc misses you.
You hit the orc. You freeze the orc.
The orc is severely wounded.
The orc closely misses you.
You hit the orc but do no damage. Your punch misses the orc.
The orc is severely wounded.
The orc hits you with a +0 falchion.
* * * LOW HITPOINT WARNING * * *
You hit the orc. You freeze the orc.
You kill the orc!
You hear the rapid hiss of a very distant avalanche of sand.
There is an entrance to Vevvebbe's Jewellery Shoppe here.
Found 4 stones.
Found 17 gold pieces.
Found a scroll of identify.
An ogre comes into view. It is wielding a +0 giant club.
Found a scroll labelled ILOECATR YDACA.
Found an escape hatch in the ceiling.
The ogre shouts!
A wight comes into view. It is wielding a +5 morningstar.
Found a staircase to the Ecumenical Temple.
A wight comes into view.
It is wielding a +0 dire flail. 3 wights come into view.
A wight is wielding a +3 mace of freezing and wearing a +2 robe of willpower.
Found 2 orange potions.
The wight hits you with a +5 morningstar!
* * * LOW HITPOINT WARNING * * *
The wight moves out of view.
The wight attacks as you move away!
The wight hits you with a +5 morningstar!
You die...

....!. .>..⌠
.?.. ...# z⌠.#
##...####
#.z...z.#
##<#####O#
#.....@z.#
#..#####.# #
#.# .#
.#####.#####.#
..$...........#
........###.###
###.###.....# #
#.##..######
#..........#


You could see an ogre and 2 wights.

Vanquished Creatures
  A meliai zombie (D:7)
  A centaur (D:5)
  Blork the orc (D:4)
  A phantom (D:4)
  A scorpion (D:5)
  A bullfrog (D:6)
  5 wights (D:7)
  A howler monkey (D:5)
  A jelly (D:4)
  2 hounds
  Crazy Yiuf (D:2)
  An orc priest (D:5)
  An orc wizard (D:7)
  11 adders
  2 ufetubi
  4 worms
  3 dart slugs
  18 orcs
  4 endoplasms (D:2)
  3 giant cockroaches
  11 goblins
  5 hobgoblins
  2 quokkas
  4 ball pythons
  7 bats
  6 frilled lizards
  10 kobolds
  5 rats
113 creatures vanquished.

Vanquished Creatures (collateral kills)
  An endoplasm (D:3)
  A rat (D:3)
2 creatures vanquished.

Vanquished Creatures (others)
  3 plants (D:2)
  18 withered plants
21 creatures vanquished.

Grand Total: 136 creatures vanquished

Notes
Turn   | Place    | Note
-------+----------+-------------------------------------------
     0 | D:1      | greasedhog the Ogre Fighter began the quest for the Orb.
     0 | D:1      | Reached XP level 1. HP: 24/24 MP: 1/1
   295 | D:1      | Reached XP level 2. HP: 32/32 MP: 2/2
  1186 | D:2      | Reached XP level 3. HP: 31/40 MP: 3/3
  1483 | D:2      | Found a faded altar of an unknown god.
  1563 | D:2      | Reached XP level 4. HP: 48/49 MP: 4/4
  1768 | D:2      | Found a runed translucent door.
  1769 | D:2      | Noticed Crazy Yiuf
  1844 | D:2      | Reached skill level 5 in Fighting
  2110 | D:2      | Killed Crazy Yiuf
  2276 | D:3      | Reached XP level 5. HP: 57/57 MP: 1/5
  2726 | D:3      | Identified the +8 sling of the Hummingbird {vorpal, rElec
                  | rC+ Str+4}
  2779 | D:3      | Found a glowing silver altar of Zin.
  3386 | D:4      | Noticed Blork the orc
  3411 | D:4      | Killed Blork the orc
  3412 | D:4      | Reached skill level 6 in Fighting
  3412 | D:4      | Reached XP level 6. HP: 7/67 MP: 2/6
  4701 | D:5      | Entered Level 5 of the Dungeon
  4772 | D:5      | Reached XP level 7. HP: 12/76 MP: 2/7
  4998 | D:5      | Found a white marble altar of Elyvilon.
  5040 | D:5      | Reached skill level 7 in Fighting
  5413 | D:6      | Reached skill level 5 in Dodging
  5944 | D:5      | You fall into a shaft and drop 2 floors!
  5969 | D:7      | Reached XP level 8. HP: 15/86 MP: 8/8
  5974 | D:7      | Reached skill level 5 in Maces & Flails
  6224 | D:7      | Reached skill level 8 in Fighting
  6344 | D:7      | Noticed a hellwing
  6420 | D:7      | Found Vevvebbe's Jewellery Shoppe.
  6462 | D:7      | Found a staircase to the Ecumenical Temple.
  6466 | D:7      | Mangled by a wight

Illustrated notes

Levels and vault maps discovered:
D:1:      saegor_arrival_fortress, layout_loops_corners, minmay_cut_off
D:2:      layout_basic, ebering_ecumenical_altar_petrified,
          lexackson_kobold_supper, uniq_crazy_yiuf_cottage
D:3:      layout_loops_ring, mainiacjoe_overflow_alcove_1
D:4:      layout_basic, minmay_goblin_outpost, uniq_blork_the_orc
D:5:      layout_loops_ring, elyvilon_altar_5, cheibrodos_sewer_entry_bend,
          hangedman_minor_gate_pass
D:6:      layout_cave_pools, kennysheep_big_empty_room, uniq_edmund,
          uniq_eustachio
D:7:      cheibrodos_grave_circle, layout_loops_ring,
          minmay_temple_entry_junction, serial_shops, kennysheep_little_box,
          shop, nicolae_shop_trees, nicolae_ossuary_entry_catacombs, uniq_pikel

Skill      XL: |  1  2  3  4  5  6  7  8 |
---------------+-------------------------+-----
Maces & Flails | 2 3 4 5 |  5.4
Dodging        | 3 4 5 |  5.8
Fighting       | 5 6 7 8 |  8.5
Shields        | |  3.0

Action                   |  1- 3 |  4- 6 |  7- 9 || total
-------------------------+-------+-------+-------++-------
Melee: Flail             |   102 |    37 |    24 ||   163
       Whip              |       |   273 |    28 ||   301
       Mace              |       |       |   118 ||   118
       Punch             |       |       |     1 ||     1
  Use: Scroll            |     4 |     5 |       ||     9
       Potion            |       |     4 |     1 ||     5
Armor: Robe              |    38 |    80 |    59 ||   177
Dodge: Dodged            |    49 |   107 |   115 ||   271
Block: Kite shield       |    37 |   117 |    70 ||   224

Table legend: (Time is in decaauts)
 A = Elapsed time spent in this place.
 B = Non-inter-level travel time spent in this place.
 C = Inter-level travel time spent in this place.
 D = Time resting spent in this place.
 E = Time spent auto-exploring this place.
 F = Levels seen in this place.
 G = Mean time per level.
                   A        B        C        D        E       F      G
               +--------+--------+--------+--------+--------+-----+--------+
         Total |   6577 |   6440 |    137 |    903 |   4293 |   7 |  939.6 |
       Dungeon |   6577 |   6440 |    137 |    903 |   4293 |   7 |  939.6 |
               +--------+--------+--------+--------+--------+-----+--------+

Top non-repeatable levels by time:
     D:4: 1729 daAuts
     D:2: 1167 daAuts
     D:1: 1165 daAuts
     D:3: 925 daAuts
     D:5: 766 daAuts
     D:7: 528 daAuts
     D:6: 295 daAuts
